 Dungeon Crawl Stone Soup version 0.25.1-2-g60ff931df9 (webtiles) character file.

Game seed: 3556812310612677427

16 Auguste the Sneak (level 2, 0/14 HPs)
             Began as a Spriggan Assassin on Nov 15, 2020.
             Slain by a jackal (2 damage)
             ... on level 2 of the Dungeon.
             The game lasted 00:05:53 (973 turns).

Auguste the Sneak (Spriggan Assassin)                Turns: 973, Time: 00:05:54

Health: 0/14       AC:  4    Str:  7    XL:     2   Next: 37%
Magic:  3/3        EV: 17    Int: 12    God:
Gold:   23         SH:  0    Dex: 17    Spells: 1/1 levels left

rFire    . . .     SeeInvis +   d - +2 dagger
rCold    . . .     Gourm    .   (shield restricted)
rNeg     . . .     Faith    .   b - +0 robe
rPois    .         Spirit   .   (helmet restricted)
rElec    .         Reflect  .   c - +1 cloak
rCorr    .         Harm     .   (gloves unavailable)
MR       .....                  (boots unavailable)
Stlth    ++++......             (no amulet)
HPRegen  0.04/turn              (no ring)
MPRegen  0.08/turn              (no ring)

@: very quick
A: very small, unfitting armour, see invisible, herbivore, speed 3, slow
metabolism 2
a: no special abilities


You were on level 2 of the Dungeon.
You were not hungry.

You visited 1 branch of the dungeon, and saw 2 of its levels.

You collected 23 gold pieces.

Inventory:

Hand Weapons
 d - a +2 dagger (weapon)
 g - a +0 club
 h - a +0 club
 j - a +0 short sword
 k - a +0 mace
 l - a +0 club
 o - a +0 club
Missiles
 a - 8 poisoned darts (quivered)
 e - 2 curare-tipped darts
 i - 23 stones
 m - 25 bolts
Armour
 b - a +0 robe (worn)
 c - a +1 cloak (worn)
 n - a +0 chain mail
Comestibles
 f - a ration


   Skills:
 + Level 1.6 Fighting
 + Level 2.2 Short Blades
 + Level 2.0 Throwing
 + Level 1.6 Dodging
 + Level 6.8 Stealth


You had one spell level left.
You didn't know any spells.
Your spell library was empty.

Dungeon Overview and Level Annotations

Branches:
Dungeon (2/15)

Altars:


Innate Abilities, Weirdness & Mutations

You are very small and have problems with some larger weapons.
You are too small for most types of armour.
You have supernaturally acute eyesight. (SInv)
You are a herbivore.
You cover ground extremely quickly.
You need to consume almost no food.


Message History

You hit the bullfrog.
The bullfrog is moderately wounded.
The bullfrog hits you. The jackal misses you. The bullfrog hits you.
* * * LOW HITPOINT WARNING * * *
You hit the bullfrog.
The bullfrog is heavily wounded.
The jackal misses you. The bullfrog closely misses you.
The jackal barely misses you.
You hit the bullfrog.
The bullfrog is severely wounded.
The bullfrog hits you.
* * * LOW HITPOINT WARNING * * *
The jackal misses you. x2
The bullfrog misses you. The jackal barely misses you.
You hit the jackal but do no damage. The bullfrog barely misses you.
The jackal misses you. The jackal barely misses you.
The bullfrog barely misses you.
You hit the jackal but do no damage. The jackal misses you.
The jackal bites you.
You die...

## ##### .. ... # #.
#.# .#
#.######.#####.####
##.#................
#####..hF.......<.....#
.......@hh.....<......#
........h...#.#.......#
.##.#..#..###.#.......#
# #.....# #.........#
#.....# #.#...h...#
#.....#.............
.....?#.#.#...#h..##
.#.. ..#. .#......h# .
. .........


You could see a bullfrog and 4 jackals.

Vanquished Creatures
  3 bats (D:1)
  2 hobgoblins (D:1)
  3 jackals (D:1)
  A kobold (D:1)
  2 frilled lizards (D:1)
  A goblin (D:1)
  4 rats (D:1)
16 creatures vanquished.

Notes
Turn   | Place    | Note
-------+----------+-------------------------------------------
     0 | D:1      | Auguste the Spriggan Assassin began the quest for the Orb.
     0 | D:1      | Reached XP level 1. HP: 10/10 MP: 2/2
    45 | D:1      | Reached skill level 6 in Stealth
   264 | D:1      | Reached XP level 2. HP: 10/14 MP: 3/3
   953 | D:2      | Noticed a bullfrog
   973 | D:2      | Slain by a jackal

Illustrated notes

Levels and vault maps discovered:
D:1:      noname_arrival_rooms_in_the_neighbourhood, layout_loops_corners,
          minmay_misc_feat_room
D:2:      layout_basic

Skill      XL: |  1 |
---------------+----+-----
Stealth        | 6 |  6.8
Fighting       | |  1.6
Short Blades   | |  2.2
Throwing       | |  2.0
Dodging        | |  1.6

Action                   || total
-------------------------++-------
Melee: Dagger            ||    55
  Use: Scroll            ||     1
       Potion            ||     1
 Stab: Sleeping          ||     2
Armor: Robe              ||    19
Dodge: Dodged            ||    91
